 Dungeon Crawl Stone Soup version 0.29.0-7-g18a832c13a (webtiles) character file.

Game seed: 9960583975268892468

300348 Flugkiller the Tortoise (level 19, -7/178 (185) HPs)
             Began as a Minotaur Fighter on Aug 30, 2022.
             Was a High Priest of Okawaru.
             Killed from afar by a Hell Sentinel (22 damage)
             ... with an iron shot
             ... on level 4 of the Realm of Zot.
             The game lasted 00:21:48 (35758 turns).

Flugkiller the Tortoise (Minotaur Fighter)         Turns: 35758, Time: 00:21:49

HP:   -7/178 (185)  AC: 54    Str: 23      XL:     19   Next: 75%
MP:   34/35         EV: 16    Int: 15      God:    Okawaru [*****.]
Gold: 2754          SH: 21    Dex: 17 (20) Spells: 18/18 levels left

rFire   + + +      SeeInvis .   a - +10 war axe of Misery {vamp, rElec rF+ Will+}
rCold   + . .      Faith    .   Q - +0 kite shield "Quomivon" {Int+3 Dex+3}
rNeg    + . .      Spirit   .   e - +9 scales of the Dragon King {rPois rF+ rC+ Will+}
rPois   +          Reflect  +   E - +2 hat {Stlth+}
rElec   +          Harm     .   X - +2 cloak {rCorr}
rCorr   +          Rampage  .   J - +5 pair of gloves of the Unseen Realm {rN+ Int+3 Dex+3}
Will    +++..                   I - +0 pair of boots "Kecy" {rF+ MP+9 Int+4}
Stlth   ..........              T - amulet of reflection
HPRegen 0.00/turn               v - ring of flight
MPRegen 0.24/turn               p - +4 ring of protection

@: heroic, finesse-ful, flying, inhibited regen, hasted (expiring), lightly
drained, very quick
A: horns 2, retaliatory headbutt, clumsy 1, inhibited regeneration, devolution 1
0: Orb of Zot
}: 3/15 runes: decaying, abyssal, gossamer
a: Renounce Religion, Heroism, Finesse, Duel


You were on level 4 of the Realm of Zot.
You worshipped Okawaru.
Okawaru was extremely pleased with you.
You visited 8 branches of the dungeon, and saw 40 of its levels.
You visited the Abyss 1 time.
You also visited: Ice Cave.

You collected 3199 gold pieces.
You spent 445 gold pieces at shops.

Inventory:

Hand Weapons
 a - the +10 war axe of Misery (weapon) {vamp, rElec rF+ Will+}
   (Okawaru gifted it to you on level 2 of the Orcish Mines)

   It occasionally heals its wielder for a portion of the damage dealt when it
   wounds a living foe.
   rF:        It protects you from fire.
   rElec:     It insulates you from electricity.
   Will:      It increases your willpower.
 b - a +0 dagger of distortion
   (You took it off Psyche on level 11 of the Dungeon)
 m - a +3 broad axe of protection
   (You acquired it on level 11 of the Dungeon)
Armour
 e - the +9 scales of the Dragon King (worn) {rPois rF+ rC+ Will+}
   (You found it on level 4 of the Swamp)

   rF:        It protects you from fire.
   rC:        It protects you from cold.
   rPois:     It protects you from poison.
   Will:      It increases your willpower.
 f - a +2 pair of boots
   (You found it on level 4 of the Dungeon)
 E - a +2 hat of stealth (worn)
   (You bought it in a shop on level 6 of the Dungeon)
 G - the +0 pair of boots "Upic" {Rampage rC+ Will++ Int-4}
   (You found it on level 12 of the Dungeon)

   Int:       It affects your intelligence (-4).
   rC:        It protects you from cold.
   Rampage:   It bestows one free step when moving towards enemies.
   Will:      It greatly increases your willpower.
 I - the +0 pair of boots "Kecy" (worn) {rF+ MP+9 Int+4}
   (Okawaru gifted it to you on level 11 of the Dungeon)

   Int:       It affects your intelligence (+4).
   rF:        It protects you from fire.
   MP:        It affects your magic capacity (+9).
 J - the +5 pair of gloves of the Unseen Realm (worn) {rN+ Int+3 Dex+3}
   (Okawaru gifted it to you on level 1 of the Lair of Beasts)

   Int:       It affects your intelligence (+3).
   Dex:       It affects your dexterity (+3).
   rN:        It protects you from negative energy.
 M - a scarf of resistance
   (You found it on level 4 of the Spider Nest)
 Q - the +0 kite shield "Quomivon" (worn) {Int+3 Dex+3}
   (Okawaru gifted it to you on level 4 of the Lair of Beasts)

   Int:       It affects your intelligence (+3).
   Dex:       It affects your dexterity (+3).
 R - the +2 pair of gloves of Words of Power {rPois Int+4 SInv}
   (You found it in an ice cave)

   Int:       It affects your intelligence (+4).
   rPois:     It protects you from poison.
   SInv:      It lets you see invisible.
 X - a +2 cloak of preservation (worn)
   (Okawaru gifted it to you on level 12 of the Dungeon)
Jewellery
 c - a ring of protection from cold
   (You found it on level 1 of the Dungeon)
 i - a ring of see invisible
   (You found it on level 11 of the Dungeon)
 o - a ring of poison resistance
   (You took it off a tengu warrior on level 2 of the Depths)
 p - a +4 ring of protection (right hand)
   (You found it on level 6 of the Dungeon)
 v - a ring of flight (left hand)
   (You found it on level 3 of the Dungeon)
 B - the ring "Tuewn" {Drain rF- rC+ Will+++ rCorr}
   (You took it off a vampire mage on level 2 of the Depths)

   [ring of protection from cold]

   rF:        It makes you vulnerable to fire.
   rC:        It protects you from cold.
   rCorr:     It protects you from acid and corrosion.
   Drain:     It drains your maximum health when unequipped.
   Will:      It greatly increases your willpower.
 T - an amulet of reflection (around neck)
   (You took it off a spriggan on level 5 of the Lair of Beasts)
Wands
 g - a wand of digging (42)
   (You found it on level 8 of the Dungeon)
 y - a wand of roots (27)
   (You found it on level 4 of the Dungeon)
 O - a wand of mindburst (11)
   (You found it on level 4 of the Lair of Beasts)
Scrolls
 j - a scroll of brand weapon
 l - 5 scrolls of magic mapping
 r - 8 scrolls of identify
 s - 4 scrolls of fog
 t - 4 scrolls of teleportation
 A - a scroll of fear
 C - 4 scrolls of immolation
 K - 2 scrolls of enchant armour
 L - 3 scrolls of enchant weapon
 S - a scroll of silence
Potions
 d - 2 potions of might
 h - 2 potions of haste
 k - a potion of magic
 n - 2 potions of resistance
 q - 6 potions of curing
 u - 5 potions of ambrosia
 w - 4 potions of heal wounds
 x - 4 potions of flight
 H - 4 potions of lignification
 N - 2 potions of invisibility
 U - 4 potions of mutation
 V - 2 potions of berserk rage
Miscellaneous
 F - a condenser vane
   (You found it on level 12 of the Dungeon)


   Skills:
 + Level 20.1(25.1) Fighting
 - Level 18.0(23.0) Axes
 + Level 20.1(25.1) Armour
 * Level 18.5(23.5) Dodging
 - Level 15.0(20.0) Shields
 - Level 11.0 Invocations
 - Level 6.0 Evocations


You had 18 spell levels left.
You didn't know any spells.
Your spell library was empty.

Dungeon Overview and Level Annotations

Branches:
Dungeon (15/15)            Temple (1/1) D:5            Lair (5/5) D:10
  Swamp (4/4) Lair:2       Spider (4/4) Lair:3        Slime (0/5) Lair:4
    Orc (2/2) D:10            Elf (0/3) Orc:2        Vaults (0/5) D:13
 Depths (4/4) D:15            Zot (5/5) Depths:4      IceCv (visited)

Altars:
Ashenzari
Cheibriados
Dithmenos
Elyvilon
Fedhas
Gozag
Hepliaklqana
Kikubaaqudgha
Makhleb
Nemelex Xobeh
Okawaru
Qazlal
Ru
Sif Muna
Trog
Uskayaw
Vehumet
Wu Jian
Xom
Yredelemnul
Zin
The Shining One
Lugonu

Shops:
D:6 [   D:7 *   D:15 :   Orc:2 :((?

Portals:
Hell: Depths:2
Abyss: Lair:5 Depths:3 Depths:4

Annotations:
D:9 1 runed translucent door, Suckerboh's ghost, novice GrFi
D:15 Roxanne
Lair:2 2 transporters
Spider:3 2 transporters, exclusion: orange crystal statue, Lotaimix's ghost, adept HOFi


Innate Abilities, Weirdness & Mutations

You have a pair of horns on your head.
You reflexively headbutt those who attack you in melee.
You are clumsy. (Dex -2)
You do not regenerate when monsters are visible.
You have hidden genetic defects.


Message History

The bolt of negative energy hits the tentacled monstrosity.
The tentacled monstrosity completely resists.
The bolt of negative energy hits the plant!!
The plant is drained!
The Hell Sentinel hits you but does no damage. x2
You slice the tentacled monstrosity!! You headbutt the tentacled monstrosity.
The tentacled monstrosity is heavily wounded.
You hit the Hell Sentinel but do no damage.
You hit the black draconian.
You feel better.
You hit the tentacled monstrosity but do no damage.
You headbutt the tentacled monstrosity.
The tentacled monstrosity is heavily wounded.
You hit the Hell Sentinel but do no damage.
You slash the black draconian!
You feel better.
A nearby plant withers and dies.
The purple draconian shifter mumbles some strange words.
The purple draconian shifter blinks!
You block the tentacled monstrosity's attack.
The tentacled monstrosity tentacle-slaps you but does no damage.
You block the tentacled monstrosity's attack.
The tentacled monstrosity constricts you.
The black draconian hits you but does no damage.
You hit the black draconian. You headbutt the black draconian.
The black draconian is almost dead.
You slash the tentacled monstrosity!
You hit the Hell Sentinel but do no damage.
The Hell Sentinel barely misses you. You furiously retaliate!
You headbutt the Hell Sentinel, but do no damage.
You block the Hell Sentinel's attack.
You slice the tentacled monstrosity!! You headbutt the tentacled monstrosity.
The tentacled monstrosity is severely wounded.
You hit the Hell Sentinel but do no damage.
You hit the black draconian but do no damage.
A nearby plant withers and dies.
The purple draconian shifter casts a spell.
The purple draconian shifter blinks!
The black draconian hits you but does no damage.
A yellow draconian comes into view. It is wielding a +4 war axe.
You block the tentacled monstrosity's attack. x2
The tentacled monstrosity tentacle-slaps you.
The tentacled monstrosity constricts you.
You slash the tentacled monstrosity!
The tentacled monstrosity is almost dead.
You hit the Hell Sentinel.
You hit the black draconian but do no damage.
The Tzitzimitl gestures at you.
The bolt of negative energy hits the Hell Sentinel.
The Hell Sentinel completely resists.
The bolt of negative energy hits you!! You partially resist.
You feel drained.
The bolt of negative energy hits the tentacled monstrosity.
The tentacled monstrosity completely resists.
The Hell Sentinel gestures at you. The iron shot hits you!!
* * * LOW HITPOINT WARNING * * *
You slice the tentacled monstrosity!! You headbutt the tentacled monstrosity.
You kill the tentacled monstrosity!
Okawaru accepts your kill.
You hit the Hell Sentinel but do no damage.
You hit the black draconian.
You completely miss the black draconian.
The black draconian is almost dead.
You slash the Hell Sentinel! You block the black draconian's attack.
You slice the black draconian!!
You feel better.
You kill the black draconian!
Okawaru accepts your kill.
You hit the Hell Sentinel but do no damage.
The Hell Sentinel barely misses you. You furiously retaliate!
You headbutt the Hell Sentinel, but do no damage.
You block the Hell Sentinel's attack.
You feel your strength returning.
Unknown command.
You feel yourself speed up.
A nearby plant withers and dies.
The Hell Sentinel gestures at you. The iron shot misses you.
The iron shot hits the shadow dragon!!!
Unknown command.
Okay, then.
You slice the shadow dragon!!
You headbutt the shadow dragon, but do no damage.
The shadow dragon is severely wounded.
You hit the Hell Sentinel but do no damage.
Unknown command.
You block the shadow dragon's attack. x2
The shadow dragon completely misses you.
The Hell Sentinel gestures at you. The iron shot hits you!
* * * LOW HITPOINT WARNING * * *
Items here: )) [ ††.
The purple draconian shifter points at you and mumbles some strange words.
The Tzitzimitl blinks into view!
The yellow draconian blinks into view!
The Hell Sentinel blinks!
The shadow dragon blinks!
The Hell Sentinel barely misses you. You block the Hell Sentinel's attack.
The shadow dragon bites you but does no damage.
You block the shadow dragon's attack. x2
The purple draconian shifter breathes dispelling energy at you.
The bolt of dispelling energy hits you!!
Your magical effects are unravelling.
* * * LOW HITPOINT WARNING * * *
The Hell Sentinel gestures at you. The iron shot hits you!!
You die...

,,,,,,***,* ***,,,,,,,,*
,,,,,,+,*,* #........******
,,,,,,*,*,****#.......,+,,,,*
,,,,,,*,,,,,,,+......,,****,*****
,,,,,,*,****,*#.....,,,**,,,,,,,*
,,,,,,*,####+##....,,,,**+*******
****+**,#.......#'####,,,,,*
*,**,#...P.1.#....+,,,,,*
*,,,,#..P♣.1.@..#**,,,,,*
***,,+..P.qdD#...#*,,,,,* *
###+#...§)..###.#*,,,,,* ***
****#.....##'#### *,#****+*****,,
+,,,#.....##§# *,*****,,,,**,,
***,#.....##1# **,,,,,,,^,,,+,, *
*,+.....##d#####..,*******,**,, *
**#.....'......1^.,* *,**,, *
#.....##+#####+#*** *,**,,


You could see a Hell Sentinel, a shadow dragon, a Tzitzimitl, a yellow draconian
and a purple draconian shifter (catching breath).

Vanquished Creatures
  An orb of fire (Zot:4)
  A Killer Klown (Zot:2)
  A curse toe (Depths:4)
  A caustic shrike (Depths:2)
  A golden dragon (Zot:5)
  Arachne (Spider:2)
  2 bone dragons (Depths:4)
  An electric golem (Zot:2)
  7 Orb Guardians (Zot:5)
  5 tentacled monstrosities
  A walking earthen tome (Depths:2)
  2 liches
  A quicksilver dragon (Zot:3)
  Asterion (Spider:4)
  A death cob (Zot:5)
  A sphinx (Depths:2)
  Agnes (Spider:4)
  2 thorn hunters (Swamp:4)
  5 storm dragons
  7 emperor scorpions (Spider:4)
  A deep elf sorcerer (Depths:4)
  2 fire giants
  3 draconian monks
  An orc warlord (D:10)
  Louise (Spider:4)
  An emperor scorpion (shapeshifter) (Lair:5)
  3 frost giants
  A spriggan defender (Depths:2)
  2 draconian scorchers
  5 ghost moths
  3 draconian annihilators
  7 stone giants
  A war gargoyle (Abyss:5)
  2 draconian stormcallers
  An ironbound preserver (D:13)
  13 very ugly things
  A vampire knight (Depths:4)
  A green draconian (Zot:1)
  7 white draconians
  2 eleionomae
  5 bunyips
  5 purple draconians
  3 yellow draconians
  5 red draconians
  An entropy weaver (Spider:3)
  4 spark wasps
  6 black draconians
  6 fire dragons
  2 ettins
  3 shambling mangroves (Swamp:4)
  6 ice dragons
  A great orb of eyes (Abyss:4)
  2 rakshasas
  29 hydras
  2 jorogumos
  7 boulder beetles
  6 two-headed ogres
  4 catoblepae
  4 spriggan air magi
  6 centaur warriors
  2 radroaches
  4 deep troll shamans
  3 deep troll earth magi
  3 tengu warriors
  5 orc high priests (Orc:2)
  A vampire mage (Depths:2)
  11 death yaks
  5 thrashing horrors
  Urug (Orc:2)
  7 hell knights (Depths:3)
  4 iron trolls
  5 spriggan berserkers
  3 sun moths (Spider:1)
  A wretched star (Abyss:5)
  A fire crab (Lair:4)
  4 pharaoh ants
  A glowing orange brain (Abyss:4)
  4 steelbarb worms
  6 bog bodies
  4 deep trolls
  8 orb spiders (Spider:4)
  An orc knight (Orc:2)
  2 deep elf pyromancers (D:13)
  A swamp dragon (shapeshifter) (Depths:4)
  10 swamp dragons
  A necromancer (Depths:3)
  A manticore (shapeshifter) (Depths:4)
  13 wolf spiders
  An oklob plant (Lair:4)
  3 orc sorcerers (Orc:1)
  A salamander (shapeshifter) (D:15)
  21 ugly things
  5 slime creatures
  5 cyclopes
  3 manticores (D:13)
  11 moths of wrath
  6 will-o-the-wisps
  14 elephants
  A guardian serpent (shapeshifter) (Lair:5)
  6 black mambas
  A gargoyle (D:12)
  2 torpor snails
  3 smoke demons
  7 cane toads
  A kobold demonologist (D:14)
  2 hellions
  An efreet (D:15)
  A freezing wraith (D:14)
  Psyche (D:11)
  6 demonic crawlers
  3 tengu conjurers
  4 rime drakes
  6 komodo dragons
  2 ancient zymes
  A troll (shapeshifter) (Depths:2)
  A catoblepas skeleton (Abyss:5)
  5 trolls
  5 tyrant leeches
  3 meliai (Spider:2)
  13 hornets
  A polar bear (Lair:2)
  A blink frog (shapeshifter) (Lair:5)
  Prince Ribbit (D:9)
  19 tarantellas
  A snapping turtle (shapeshifter) (Lair:5)
  6 dream sheep (Lair:5)
  17 blink frogs
  4 large abominations
  17 culicivoras
  A culicivora (shapeshifter) (Lair:5)
  13 jumping spiders
  2 ynoxinuls
  2 water elementals (Depths:2)
  4 starcursed masses (Abyss:5)
  3 vampires
  7 spriggans
  36 yaks
  10 basilisks
  10 wraiths
  9 wyverns
  36 redbacks
  A chaos spawn (Lair:5)
  A redback simulacrum (D:11)
  5 steam dragons
  2 fire bats (Abyss:4)
  8 vampire mosquitoes
  Menkaure (D:7)
  8 wargs (Orc:2)
  2 acid dragons
  15 water moccasins
  4 swamp worms
  Duvessa (D:6)
  A floating eye (Depths:2)
  A black bear (D:3)
  4 swamp drakes (Swamp:4)
  12 orc warriors
  The ghost of Arcadio the Charlatan, an amateur DrAr (D:3)
  7 small abominations (Lair:5)
  9 ogres
  13 wolves
  8 centaurs
  A phantom (D:5)
  2 slime creature simulacra (IceCv)
  2 kobold brigands
  A glowing shapeshifter simulacrum (IceCv)
  10 bullfrogs
  2 necrophages
  2 scorpions
  A gnoll sergeant (D:10)
  7 earth elementals (Abyss:5)
  14 wights
  Dowan (D:6)
  12 killer bees
  7 howler monkeys
  2 vampire bats (Abyss:4)
  4 electric eels
  A jelly (D:7)
  3 hounds (D:7)
  30 orc priests
  8 iguanas
  3 shapeshifter simulacra (IceCv)
  17 orc wizards
  A mummy (D:4)
  Robin (D:3)
  22 gnolls
  9 adders
  3 hound simulacra (D:3)
  5 white imps
  An ufetubus (D:7)
  A worm (D:3)
  A dart slug (D:1)
  2 adder simulacra (D:3)
  72 orcs
  5 bats
  2 bat zombies (D:11)
  4 endoplasms
  2 giant cockroaches
  8 hobgoblins
  10 jackals
  19 kobolds
  7 quokkas
  9 ball pythons
  2 frilled lizards (D:3)
  13 goblins
  3 hobgoblin zombies (D:4)
  An orc zombie (D:4)
  A quokka simulacrum (D:3)
  3 rats
  2 rat zombies (D:11)
  10 briar patches (Swamp:4)
  3 lurking horrors
1121 creatures vanquished.

Vanquished Creatures (others)
  Nessos (D:14)
  A swamp dragon (Swamp:4)
  A moth of wrath (Spider:4)
  2 bloated husks
  A blink frog (Abyss:5)
  A raiju (Abyss:5)
  A jumping spider (Spider:4)
  A starcursed mass (Abyss:5)
  A redback (Spider:4)
  A large abomination (Abyss:5)
  A swamp worm (Swamp:3)
  42 foxfires
  11 fungi
  A lurking horror (Abyss:5)
  46 plants
  2 withered plants (D:9)
114 creatures vanquished.

Grand Total: 1235 creatures vanquished

Notes
Turn   | Place    | Note
-------+----------+-------------------------------------------
     0 | D:1      | Flugkiller the Minotaur Fighter began the quest for the
                  | Orb.
     0 | D:1      | Reached XP level 1. HP: 19/19 MP: 0/0
   171 | D:1      | Reached XP level 2. HP: 27/27 MP: 1/1
  1005 | D:2      | Reached XP level 3. HP: 33/33 MP: 2/2
  1456 | D:3      | Reached XP level 4. HP: 19/41 MP: 3/3
  1704 | D:3      | Found a faded altar of an unknown god.
  1714 | D:3      | Found a runed translucent gate.
  1715 | D:3      | Found a runed translucent gate.
  1716 | D:3      | Found a runed translucent gate.
  1744 | D:3      | Noticed Arcadio's ghost (amateur DrAr)
  1755 | D:3      | Noticed Robin
  1762 | D:3      | Reached XP level 5. HP: 39/47 MP: 4/4
  1765 | D:3      | Killed Robin
  2024 | D:3      | Reached skill level 5 in Axes
  2052 | D:3      | Killed Arcadio's ghost
  2053 | D:3      | Reached skill level 5 in Fighting
  2053 | D:3      | Reached skill level 5 in Armour
  2053 | D:3      | Reached XP level 6. HP: 13/56 MP: 5/5
  2458 | D:3      | Identified the +1 leather armour of Words of Power {Rampage
                  | Str+4}
  2814 | D:4      | Noticed an angel
  2814 | D:4      | Found a glowing silver altar of Zin.
  2814 | D:4      | Found a shimmering altar of Xom.
  2905 | D:5      | Entered Level 5 of the Dungeon
  3149 | D:5      | Reached XP level 7. HP: 41/62 MP: 6/6
  3759 | D:4      | Found a hide-covered altar of Uskayaw.
  4052 | D:5      | Found a staircase to the Ecumenical Temple.
  4068 | Temple   | Entered the Ecumenical Temple
  4327 | Temple   | Became a worshipper of Warmaster Okawaru
  4628 | D:5      | Reached skill level 1 in Invocations
  4758 | D:5      | Found an ornate altar of the Wu Jian Council.
  4886 | D:6      | Reached XP level 8. HP: 51/70 MP: 6/8
  4899 | D:6      | Reached * piety under Okawaru
  5193 | D:6      | Noticed Duvessa
  5193 | D:6      | Noticed Dowan
  5208 | D:6      | Killed Duvessa
  5231 | D:6      | Killed Dowan
  5727 | D:6      | Found Haussycs's Antique Armour Emporium.
  5741 | D:6      | Bought a glowing hat for 161 gold pieces
  6215 | D:7      | Noticed Menkaure
  6222 | D:7      | Killed Menkaure
  6336 | D:7      | Found Udaclauk's General Store.
  6345 | D:7      | Reached XP level 9. HP: 78/79 MP: 10/10
  6355 | D:7      | Found a stormy altar of Qazlal.
  6406 | D:7      | Reached ** piety under Okawaru
  6414 | D:7      | Reached skill level 10 in Axes
  6471 | D:7      | Found an opulent altar of Gozag.
  6696 | D:7      | Found a burning altar of Makhleb.
  7783 | D:8      | Paralysed by a hornet for 3 turns
  7789 | D:8      | HP: 2/82 [hornet (7)]
  8300 | D:9      | Noticed a two-headed ogre
  8310 | D:9      | Killed a two-headed ogre
  8310 | D:9      | Reached *** piety under Okawaru
  8311 | D:9      | Reached skill level 5 in Invocations
  8311 | D:9      | Reached XP level 10. HP: 61/90 MP: 9/12
  8494 | D:9      | Noticed Prince Ribbit
  8519 | D:9      | Killed Prince Ribbit
  8774 | D:9      | Found a runed translucent door.
  8775 | D:9      | Noticed Suckerboh's ghost (novice GrFi)
  8784 | D:9      | Noticed a two-headed ogre
  8797 | D:9      | Killed a two-headed ogre
  8797 | D:9      | Reached **** piety under Okawaru
  9208 | D:10     | Entered Level 10 of the Dungeon
  9208 | D:10     | Found an ancient bone altar of Kikubaaqudgha.
  9209 | D:10     | Found a basalt altar of Yredelemnul.
  9209 | D:10     | Found a hazy altar of Hepliaklqana.
  9210 | D:10     | Found a radiant altar of Vehumet.
  9308 | D:10     | Noticed a two-headed ogre
  9320 | D:10     | Killed a two-headed ogre
  9405 | D:10     | Reached skill level 10 in Fighting
  9405 | D:10     | Reached skill level 10 in Armour
  9414 | D:10     | Reached ***** piety under Okawaru
  9550 | D:10     | Reached XP level 11. HP: 76/99 MP: 14/14
  9800 | D:10     | Found a staircase to the Lair.
 10279 | D:10     | Found a staircase to the Orcish Mines.
 10901 | D:11     | Noticed Psyche
 10909 | D:11     | Killed Psyche
 11077 | D:11     | Noticed a cyan ugly thing
 11091 | D:11     | Killed a cyan ugly thing
 11240 | D:11     | Identified the +0 pair of boots "Kecy" {rF+ MP+9 Int+4}
                  | (Okawaru gifted it to you on level 11 of the Dungeon)
 11240 | D:11     | Received a gift from Okawaru
 11462 | D:11     | Identified a scroll of acquirement
 11462 | D:11     | Acquired a +0 broad axe of electrocution
 11566 | D:11     | Found an ancient bone altar of Kikubaaqudgha.
 11774 | Lair:1   | Entered Level 1 of the Lair of Beasts
 11788 | Lair:1   | Noticed a death yak
 11788 | Lair:1   | Noticed a death yak
 11788 | Lair:1   | Noticed a death yak
 11788 | Lair:1   | Noticed a death yak
 11797 | Lair:1   | Killed a death yak
 11805 | Lair:1   | Killed a death yak
 11812 | Lair:1   | Killed a death yak
 11817 | Lair:1   | Killed a death yak
 11818 | Lair:1   | Reached skill level 15 in Axes
 12071 | Lair:1   | Found a frozen archway.
 12082 | Lair:1   | Reached XP level 12. HP: 104/110 MP: 16/16
 12092 | IceCv    | Entered an ice cave
 12249 | IceCv    | Identified the +2 pair of gloves of Words of Power {rPois
                  | Int+4 SInv}
 13019 | Lair:1   | Noticed an eight-headed hydra
 13027 | Lair:1   | Killed a 13-headed hydra
 13027 | Lair:1   | Identified the +5 pair of gloves of the Unseen Realm {rN+
                  | Int+3 Dex+3} (Okawaru gifted it to you on level 1 of the
                  | Lair of Beasts)
 13027 | Lair:1   | Received a gift from Okawaru
 13981 | Lair:2   | Found a transporter.
 13984 | Lair:2   | Noticed a boulder beetle
 13985 | Lair:2   | Found a transporter.
 13985 | Lair:2   | Noticed a boulder beetle
 14028 | Lair:2   | Found a staircase to the Swamp.
 14645 | Lair:3   | Noticed an eight-headed hydra
 14655 | Lair:3   | Killed a 14-headed hydra
 14721 | Lair:3   | Noticed a catoblepas
 14733 | Lair:3   | Killed a catoblepas
 15054 | Lair:3   | Found a hole to the Spider Nest.
 15899 | Lair:4   | Reached XP level 13. HP: 112/119 MP: 18/18
 16395 | Lair:4   | Identified the +0 kite shield "Quomivon" {Int+3 Dex+3}
                  | (Okawaru gifted it to you on level 4 of the Lair of Beasts)
 16395 | Lair:4   | Received a gift from Okawaru
 17218 | Lair:4   | Found a staircase to the Slime Pits.
 17394 | Lair:5   | Entered Level 5 of the Lair of Beasts
 17408 | Lair:5   | Reached skill level 5 in Shields
 17812 | Lair:5   | Reached skill level 10 in Invocations
 18182 | Lair:5   | Identified the +4 ring mail "Ipuebeme" {Will+} (Okawaru
                  | gifted it to you on level 5 of the Lair of Beasts)
 18182 | Lair:5   | Received a gift from Okawaru
 18510 | Lair:5   | Noticed an emperor scorpion
 18528 | Lair:5   | Killed an emperor scorpion
 19014 | Lair:5   | Reached XP level 14. HP: 130/130 MP: 20/20
 19359 | Lair:5   | Found a corrupted altar of Lugonu.
 19359 | Lair:5   | Found a one-way gate to the infinite horrors of the Abyss.
 19431 | Lair:5   | Identified the +0 helmet of the Endless Expanse {rPois rC+}
 20770 | D:12     | Reached skill level 1 in Evocations
 20853 | D:12     | Reached ****** piety under Okawaru
 20853 | D:12     | Received a gift from Okawaru
 20978 | D:12     | Identified the +0 pair of boots "Upic" {Rampage rC+ Will++
                  | Int-4}
 21270 | D:12     | Reached skill level 10 in Shields
 21712 | D:13     | Found a gate to the Vaults.
 21712 | D:13     | Noticed an ironbound preserver
 21726 | D:13     | Killed an ironbound preserver
 23035 | D:14     | Noticed Nessos
 23039 | D:14     | Killed Nessos
 23040 | D:14     | Reached XP level 15. HP: 139/139 MP: 22/22
 23204 | D:14     | Reached skill level 1 in Dodging
 23894 | D:15     | Entered Level 15 of the Dungeon
 24023 | D:15     | Identified Roxanne's Vellum of Terrain
 24023 | D:15     | Noticed Roxanne
 24080 | D:15     | Found Heyha's Book Shop.
 24448 | D:15     | Reached skill level 5 in Evocations
 24518 | D:15     | Found a staircase to the Depths.
 25014 | D:15     | Reached skill level 15 in Fighting
 25041 | D:15     | Received a gift from Okawaru
 25045 | D:15     | Reached skill level 15 in Armour
 25094 | D:15     | Found a sparkling altar of Nemelex Xobeh.
 25373 | Orc:1    | Entered Level 1 of the Orcish Mines
 25374 | Orc:1    | Noticed an orc warlord
 25407 | D:10     | Killed an orc warlord
 25454 | Orc:1    | Paralysed by an orc sorcerer for 5 turns
 26059 | Orc:2    | Entered Level 2 of the Orcish Mines
 26104 | Orc:2    | Found Buseuq's Book Emporium.
 26104 | Orc:2    | Found Weohamub's Antique Weapon Shop.
 26136 | Orc:2    | Identified the +10 war axe of Misery {vamp, rElec rF+
                  | Will+} (Okawaru gifted it to you on level 2 of the Orcish
                  | Mines)
 26136 | Orc:2    | Received a gift from Okawaru
 26151 | Orc:2    | Found a staircase to the Elven Halls.
 26609 | Orc:2    | Noticed Urug
 26621 | Orc:2    | Killed Urug
 26966 | Orc:2    | Found Bazipi's Antique Weapon Emporium.
 26997 | Orc:2    | Found Sanup's Magic Scroll Shop.
 27000 | Orc:2    | Reached skill level 5 in Dodging
 27018 | Orc:2    | Bought a scroll of blinking for 112 gold pieces
 27018 | Orc:2    | Bought a scroll of fear for 60 gold pieces
 27018 | Orc:2    | Bought a scroll of blinking for 112 gold pieces
 27375 | Spider:1 | Entered Level 1 of the Spider Nest
 27516 | Spider:1 | Received a gift from Okawaru
 27567 | Spider:1 | You fall into a shaft and drop 1 floor!
 27878 | Spider:2 | Noticed Arachne
 27895 | Spider:2 | Reached XP level 16. HP: 149/149 MP: 16/23
 27920 | Spider:2 | Killed Arachne
 28040 | Spider:3 | Found a transporter.
 28041 | Spider:3 | Noticed Lotaimix's ghost (adept HOFi)
 28061 | Spider:3 | Found a transporter.
 28254 | Spider:3 | Received a gift from Okawaru
 28284 | Spider:4 | Entered Level 4 of the Spider Nest
 28284 | Spider:4 | Noticed Asterion
 28317 | Spider:4 | Killed Asterion
 28824 | Spider:4 | Noticed Agnes
 28834 | Spider:4 | Killed Agnes
 28927 | Spider:4 | Noticed Louise
 28965 | Spider:4 | Killed Louise
 29079 | Spider:4 | Received a gift from Okawaru
 29190 | Spider:4 | Reached skill level 15 in Shields
 29222 | Spider:4 | Identified the +1 pair of boots "Xeetosof" {rN+ Regen+
                  | rCorr SInv} (Okawaru gifted it to you on level 4 of the
                  | Spider Nest)
 29222 | Spider:4 | Received a gift from Okawaru
 29238 | Spider:4 | Reached skill level 10 in Dodging
 29289 | Spider:4 | Identified the +0 hat of Shielding {Drain rC+ Int+10
                  | Slay-4}
 29498 | Spider:4 | Got a gossamer rune of Zot
 29724 | Swamp:1  | Entered Level 1 of the Swamp
 30510 | Swamp:2  | Reached XP level 17. HP: 152/160 MP: 21/24
 30552 | Swamp:2  | You fall into a shaft and drop 1 floor!
 30578 | Swamp:4  | Entered Level 4 of the Swamp
 30673 | Swamp:4  | Found the +9 scales of the Dragon King {rPois rF+ rC+
                  | Will+}
 31453 | Swamp:4  | Identified the +8 triple crossbow "Bieth" {vorpal, rElec}
                  | (Okawaru gifted it to you on level 4 of the Swamp)
 31453 | Swamp:4  | Received a gift from Okawaru
 31590 | Swamp:4  | Got a decaying rune of Zot
 31653 | Abyss:3  | Cast into level 3 of the Abyss (unwielding a weapon of
                  | distortion)
 31673 | Abyss:4  | Found a corrupted altar of Lugonu.
 31825 | Abyss:4  | Noticed a lich
 32079 | Abyss:5  | Got an abyssal rune of Zot
 32221 | Abyss:5  | Noticed a lich
 32227 | Abyss:5  | Killed a lich
 32228 | Abyss:5  | Noticed a lich
 32238 | Abyss:5  | Found a corrupted altar of Lugonu.
 32284 | Swamp:2  | Escaped the Abyss
 32897 | Depths:1 | Entered Level 1 of the Depths
 32928 | Depths:1 | Noticed a lich
 32971 | Depths:1 | Killed a lich
 33046 | Depths:2 | Reached XP level 18. HP: 172/172 MP: 18/25
 33123 | Depths:2 | Identified the +8 crystal plate armour of Ahodeif {-Cast
                  | Fly Will++} (Okawaru gifted it to you on level 2 of the
                  | Depths)
 33123 | Depths:2 | Received a gift from Okawaru
 33223 | Depths:2 | Noticed a caustic shrike
 33227 | Depths:2 | Identified the ring "Tuewn" {Drain rF- rC+ Will+++ rCorr}
 33241 | Depths:2 | Killed a caustic shrike
 33257 | Depths:2 | Noticed a walking earthen tome
 33271 | Depths:2 | Killed a walking earthen tome
 33338 | Depths:2 | Reached skill level 15 in Dodging
 33445 | Depths:2 | Found a gateway to Hell.
 33899 | Depths:4 | Entered Level 4 of the Depths
 34036 | Depths:4 | Noticed a bone dragon
 34042 | Depths:4 | Noticed a bone dragon
 34060 | Depths:4 | Killed a bone dragon
 34093 | Depths:4 | Killed a bone dragon
 34147 | Depths:4 | Identified the +7 hand axe "Xazum" {freeze, rElec Int+3
                  | Dex+5} (Okawaru gifted it to you on level 4 of the Depths)
 34147 | Depths:4 | Received a gift from Okawaru
 34152 | Depths:4 | Found a gate to the Realm of Zot.
 34161 | Zot:1    | Entered Level 1 of the Realm of Zot
 34161 | Zot:1    | Noticed a curse toe
 34482 | Depths:4 | Killed a curse toe
 34492 | Zot:1    | Reached XP level 19. HP: 142/183 MP: 26/26
 34605 | Zot:2    | Noticed an electric golem
 34615 | Zot:2    | Noticed a Killer Klown
 34618 | Zot:2    | Killed an electric golem
 34656 | Zot:2    | Identified the +1 hat of Tempters {Rampage Stlth+} (Okawaru
                  | gifted it to you on level 2 of the Realm of Zot)
 34656 | Zot:2    | Received a gift from Okawaru
 34673 | Zot:2    | Killed a Killer Klown
 34778 | Zot:5    | Entered Level 5 of the Realm of Zot
 34882 | Zot:5    | Found a blossoming altar of Fedhas.
 35144 | Zot:5    | Found a broken altar of Ashenzari.
 35594 | Zot:5    | Noticed a golden dragon
 35606 | Zot:5    | Killed a golden dragon
 35662 | Zot:5    | Noticed a dread lich
 35664 | Zot:5    | Noticed an orb of fire
 35664 | Zot:5    | Noticed a Killer Klown
 35664 | Zot:5    | Noticed an electric golem
 35665 | Zot:5    | Noticed an ancient lich
 35665 | Zot:5    | Noticed an orb of fire
 35665 | Zot:5    | Noticed a dread lich
 35665 | Zot:5    | Noticed an ancient lich
 35665 | Zot:5    | Noticed a Killer Klown
 35665 | Zot:5    | Noticed an orb of fire
 35668 | Zot:5    | Paralysed by a Zot trap for 3 turns
 35673 | Zot:5    | Got the Orb of Zot
 35690 | Zot:4    | Noticed an orb of fire
 35705 | Zot:4    | Gained mutation: You do not regenerate when monsters are
                  | visible. [an orb of fire]
 35712 | Zot:4    | Gained mutation: You have hidden genetic defects. [an orb
                  | of fire]
 35719 | Zot:4    | Gained mutation: You are clumsy. (Dex -2) [an orb of fire]
 35720 | Zot:4    | Killed an orb of fire
 35728 | Zot:4    | Noticed a Tzitzimitl
 35758 | Zot:4    | Killed from afar by a Hell Sentinel

Illustrated notes

Levels and vault maps discovered:
D:1:      wheals_arrival_linesprint, layout_loops_ring
D:2:      layout_rooms
D:3:      layout_loops_ring, hellmonk_ecumenical_altar_run_dry,
          gammafunk_ghost_icy, uniq_robin
D:4:      layout_cave_pools, grunt_temple_overflow_order_and_chaos_1,
          mainiacjoe_overflow_alcove_2, minivault_27, minmay_mini_ossuary
D:5:      nicolae_cairo_tiling_large_dashed, layout_loops_ring,
          lemuel_round_altar, minmay_temple_entry_slanted
D:6:      layout_cave_pods, kennysheep_windowed_goal, uniq_duvessa
D:7:      layout_rooms, nicolae_qazlal_scattered_showers,
          makhleb_heckhound_becter, grunt_gozag_breadcrumbs, serial_shops, shop,
          roderic_serpentine_path, uniq_menkaure
D:8:      layout_gridville
D:9:      layout_basic, gammafunk_ghost_grave, uniq_prince_ribbit1
D:10:     layout_irregular_city, chequers_temple_overflow_statue_of_worship,
          minmay_lair_entry_grove, orc_0_dummy
D:11:     layout_roguey, lemuel_zombie_altar_kikubaaqudgha, uniq_psyche
D:12:     layout_roguey, serial_rivers, chequers_serial_rivers_small_a,
          chequers_serial_rivers_room_a, chequers_serial_rivers_room_b,
          chequers_serial_rivers_micro_e, chequers_serial_rivers_room_a,
          chequers_serial_rivers_small_a, drop_trap
D:13:     layout_long_grid, skrybe_vaults_entry_preservation,
          chequers_serial_rivers_room_a
D:14:     layout_roguey, chequers_serial_rivers_room_b, corexii_hall_statues_l,
          pond, uniq_nessos
D:15:     grunt_enter_depths_hoard, layout_loops_ring, serial_shops,
          nicolae_shop_statue_plus, lemuel_coloured_pillars_altar, uniq_roxanne
Temple:   minmay_temple_curvy_loop
Lair:1:   layout_loops_ring, portal_ice_cave_rime
Lair:2:   gammafunk_boulding_lane, layout_cellular_growth,
          minmay_swamp_entry_reptiles, grunt_megastairs_4
Lair:3:   statuecave_lemuel, layout_regular_city, dummy_spider_entry
Lair:4:   nzn_winding_woodlands_huge [nzn_winding_woodlands_5x15_lazy_stream,
          nzn_winding_woodlands_5x15_split_checker,
          nzn_winding_woodlands_5x15_pathside_ponds,
          nzn_winding_woodlands_5x15_default, nzn_winding_woodlands_5x15_parted,
          nzn_winding_woodlands_5x15_sawtooth, nzn_winding_woodlands_5x15_eye,
          nzn_winding_woodlands_5x15_garden, nzn_winding_woodlands_5x15_twine,
          nzn_winding_woodlands_5x15_pool, nzn_winding_woodlands_center_lodge,
          nzn_winding_woodlands_center_diamonds,
          nzn_winding_woodlands_15x15_eel_pit], layout_regular_city,
          dpeg_slime_entry_enclosed
Lair:5:   hellmonk_lair_end_abyssal_woods, layout_gridlike, serial_bayou_pond_b
Swamp:1:  layout_basic_swamp, nicolae_swamp_tree_isthmus, swamp_pool5,
          hangedman_swamp_lotus
Swamp:2:  layout_basic_swamp, evilmike_swamp_ruin_house_2, swamp_pool5,
          nicolae_swamp_triple_paths
Swamp:3:  nicolae_swamp_flooded_prison, layout_falls_marsh,
          evilmike_swamp_ruin_rubble_2, swamp_pool4, uniq_nikola, uniq_jorgrun
Swamp:4:  swamp_basic_johnstein, layout_basic_swamp
Spider:1: layout_spider_delve, hellmonk_motheaten_closet
Spider:2: layout_spider_delve, gammafunk_ghost_grave, drop_trap, uniq_arachne
Spider:3: layout_spider_delve, nzn_ghost_randoct, nicolae_spider_cling_halls
Spider:4: guppyfry_spider_rune, uniq_louise, uniq_agnes, uniq_asterion,
          uniq_mara
Orc:1:    layout_caves
Orc:2:    st_orc_town, layout_caves, statue_in_the_mist_lemuel, uniq_urug
Depths:1: layout_honeycomb, hellmouth_1, corexii_corridor_pit,
          evilmike_spriggan_trog_shrine
Depths:2: evilmike_marble_ring, layout_gridlike, hangedman_coc_ice_floe,
          rand_demon_pan_entry_4, kennysheep_another_room, grunt_ministairs_15,
          minmay_shop_grove
Depths:3: grunt_twisty_corner, layout_cave_shapes, grunt_metal_band,
          hangedman_abyss_entry_splay, hangedman_abyss_or_decor_lesser_grid,
          nicolae_shop_overcharged_wands, uniq_josephina
Depths:4: grunt_crosshair, layout_cave_pools, enter_ziggurat_a,
          nicolae_abyss_entry_one_way_or_another, nicolae_ashenzari_skybound,
          serial_shops, bzr_entry_gold, hell_entry, minmay_shoptagon,
          uniq_saint_roka, uniq_enchantress
Zot:1:    grunt_twist_and_shout, layout_cathedral_of_symmetry
Zot:2:    layout_onion_interference
Zot:3:    layout_concentric_octagons
Zot:4:    layout_gridlike
Zot:5:    layout_gridlike, grunt_ministairs_12, hangedman_feature_mirror

Skill      XL: |  1  2  3  4  5  6  7  8  9 10 11 12 13 14 15 16 17 18 19 |
---------------+----------------------------------------------------------+-----
Axes           | 3 4 5 6 8 9 11 13 15 16 18 | 18.0
Fighting       | 4 5 6 7 8 10 11 12 13 14 15 16 18 19 20 | 20.1
Armour         | 4 5 6 7 8 10 11 12 13 14 15 16 17 19 20 | 20.1
Invocations    | 1 3 5 6 7 9 10 11 | 11.0
Shields        | 7 11 13 15 | 15.0
Evocations     | 4 6 |  6.0
Dodging        | 6 10 14 16 18 | 18.5

Action                   |  1- 3 |  4- 6 |  7- 9 | 10-12 | 13-15 | 16-18 | 19-21 || total
-------------------------+-------+-------+-------+-------+-------+-------+-------++-------
Melee: War axe           |    78 |    81 |   273 |   274 |   184 |  1587 |   399 ||  2876
       Headbutt          |     6 |    16 |    38 |   128 |   255 |   508 |   126 ||  1077
       Broad axe         |       |       |       |   231 |   861 |       |       ||  1092
Invok: Heroism           |       |       |     2 |    18 |    23 |    28 |     8 ||    79
       Finesse           |       |       |       |       |     8 |    19 |     5 ||    32
Evoke: Wand              |       |       |       |     1 |       |       |     1 ||     2
       Condenser vane    |       |       |       |       |     2 |     1 |       ||     3
  Use: Potion            |     2 |     2 |     3 |       |     2 |     6 |     2 ||    17
       Scroll            |       |     5 |     5 |    12 |    11 |     6 |    12 ||    51
 Stab: Invisible         |       |       |     2 |       |       |       |       ||     2
       Petrifying        |       |       |       |       |     1 |     1 |       ||     2
       Petrified         |       |       |       |       |     1 |       |       ||     1
       Confused          |       |       |       |       |       |     1 |       ||     1
Armor: Scale mail        |    46 |    28 |   115 |     2 |       |       |       ||   191
       Skin              |       |       |     7 |       |       |       |       ||     7
       Gold dragon scale |       |       |       |   200 |       |   862 |   215 ||  1277
       Crystal plate arm |       |       |       |   148 |   725 |   717 |       ||  1590
Dodge: Dodged            |    33 |    61 |   157 |   137 |   211 |   814 |   123 ||  1536
Block: Buckler           |    19 |    27 |    72 |   108 |    88 |       |       ||   314
       Kite shield       |       |       |       |       |   569 |  1661 |   261 ||  2491
       Reflection        |       |       |       |       |    25 |    20 |     5 ||    50
